 Dungeon Crawl Stone Soup version 0.23.2-30-g0e89c35649 (webtiles) character file.

Game seed: 14033722193823314011

49 Lokunos the Grave Robber (level 3, -5/25 (26) HPs)
             Began as a Ghoul Necromancer on June 23, 2019.
             Slain by a hobgoblin
             ... wielding a +0 spear
              (6 damage)
             ... on level 2 of the Dungeon.
             The game lasted 00:13:20 (1705 turns).

Lokunos the Grave Robber (Ghoul Necromancer)        Turns: 1705, Time: 00:13:20

HP:   -5/25 (26)    AC:  2    Str: 11    XL:     3   Next: 77%
MP:   5/5           EV: 12    Int: 11    God:
Gold: 67            SH:  0    Dex:  9    Spells: 1/6 levels left

rFire    . . .     SeeInvis .   (no weapon)
rCold    + . .     Gourm    .   (no shield)
rNeg     + + +     Faith    .   a - +0 robe
rPois    ∞         Spirit   .   (no helmet)
rElec    .         Reflect  .   (no cloak)
rCorr    .         Harm     .   (no gloves)
MR       .....                  (no boots)
Stlth    ++........             (no amulet)
HPRegen  0.00/turn              (no ring)
MPRegen  0.09/turn              (no ring)

@: rotting
A: rotting body, claws 1, carnivore, cold resistance 1, negative energy
resistance 3, inhibited regeneration, torment resistance, unbreathing
a: no special abilities


You were on level 2 of the Dungeon.
You were hungry.

You visited 1 branch of the dungeon, and saw 2 of its levels.

You collected 67 gold pieces.

Inventory:

Hand Weapons
 d - a +0 hunting sling
Missiles
 b - 17 stones (quivered)
 h - 24 poisoned needles
Armour
 a - a +0 robe (worn)
Scrolls
 e - 2 scrolls of remove curse {unknown}
 f - a scroll of fog {unknown}
 g - 3 scrolls of teleportation {unknown}
 i - a scroll of identify {unknown}
 k - a scroll of enchant weapon {unknown}
Potions
 l - a potion of flight {unknown}
Comestibles
 c - 3 rations
 j - a chunk of flesh


   Skills:
 + Level 2.1 Dodging
 * Level 3.1 Stealth
 * Level 2.2 Spellcasting
 + Level 4.4 Necromancy


You had one spell level left.
You knew the following spells:

 Your Spells              Type           Power        Failure   Level  Hunger
a - Pain                  Necr           ##..         4%          1    ##.....
b - Animate Skeleton      Necr           N/A          4%          1    ##.....
c - Vampiric Draining     Necr           ##........   14%         3    ####...

Your spell library contained the following spells:

 Spells                   Type           Power        Failure   Level  Hunger
 Regeneration             Chrm/Necr      #.........   34%         3    ####...
 Animate Dead             Necr           N/A          43%         4    #####..


Dungeon Overview and Level Annotations

Branches:
Dungeon (2/15)

Altars:


Innate Abilities, Weirdness & Mutations

Your body is rotting away.
You thrive on raw meat.
You are immune to poison.
You have sharp fingernails.
You are carnivorous and can eat meat at any time.
Your flesh is cold resistant. (rC+)
You are immune to negative energy. (rN+++)
You do not regenerate when monsters are visible.
You are immune to unholy pain and torment.
You can survive without breathing.


Message History

Throwing (i - inventory)
b - 20 stones (quivered)
Press: ? - help, Shift-Dir - straight line, f/p - hobgoblin
Aim: a hobgoblin, wielding a +0 spear You throw a stone.
The stone hits the quokka skeleton.
The quokka skeleton is severely damaged.
The hobgoblin barely misses you. The quokka skeleton barely misses you.
Throwing (i - inventory)
b - 19 stones (quivered)
Press: ? - help, Shift-Dir - straight line, f/p - hobgoblin
Aim: a hobgoblin, wielding a +0 spear You throw a stone.
The stone hits the quokka skeleton.
You destroy the quokka skeleton!
The hobgoblin hits you from afar with a +0 spear.
* * * LOW HITPOINT WARNING * * *
Throwing (i - inventory)
b - 18 stones (quivered)
Press: ? - help, Shift-Dir - straight line, f/p - hobgoblin
Aim: a hobgoblin, wielding a +0 spear You throw a stone.
The stone barely misses the hobgoblin.
The hobgoblin closely misses you.
The hobgoblin hits you from afar with a +0 spear.
You die...

..#......##.##.#.#
.# #....#...#.#(# #
#.#..#.#.#.#.#
#.#..#.#.#.#.#
#........#.#.######.
#....).#..((........
##...#####.#g#######
#..... ...#(#
#.#...####.#@#
#.##..# ###.# #.
#... #.# #. #...#
#.# ....# #.# #.#
#.# ..#


You could see a hobgoblin.

Vanquished Creatures
  An adder (D:2)
  2 dart slugs (D:1)
  3 leopard geckos
  5 goblins
  A hobgoblin (D:2)
  4 kobolds
  A quokka (D:2)
  2 ball pythons (D:1)
  2 bats
  A frilled lizard (D:1)
  4 rats (D:1)
26 creatures vanquished.

Vanquished Creatures (collateral kills)
  An adder (D:2)
  A goblin (D:1)
2 creatures vanquished.

Grand Total: 28 creatures vanquished

Notes
Turn   | Place    | Note
-------+----------+-------------------------------------------
     0 | D:1      | Lokunos the Ghoul Necromancer began the quest for the Orb.
     0 | D:1      | Reached XP level 1. HP: 14/14 MP: 2/2
    77 | D:1      | Learned a level 1 spell: Animate Skeleton
   225 | D:1      | Reached XP level 2. HP: 18/20 MP: 0/3
   976 | D:1      | Reached XP level 3. HP: 26/26 MP: 1/5
  1082 | D:1      | Learned a level 3 spell: Vampiric Draining
  1704 | D:2      | HP: 1/25 [hobgoblin/+0 spear (4)]
  1705 | D:2      | Slain by a hobgoblin

Skill      XL: |  1  2  3 |
---------------+----------+-----
Spellcasting   | 2 |  2.2
Dodging        | 2 |  2.1
Stealth        | 3 |  3.1
Necromancy     | |  4.4

Action                   || total
-------------------------++-------
Melee: Unarmed           ||    23
       Hunting sling     ||     1
 Fire: Hunting sling     ||    16
Throw: Stone             ||    20
 Cast: Pain              ||    45
       Animate Skeleton  ||     7
       Vampiric Draining ||     1
  Eat: Chunk             ||     2
       Ration            ||     1
Armor: Robe              ||     7
Dodge: Dodged            ||    50
